AoeStats
← Concept of Law

Arabia

507423232Analyzed
1v1 RM · 13d ago on Sep 18, 2026· 57m 39s· 2 players
Game mode
Random Map
Map size
Tiny (2 player)
Population
200
Speed
Normal
Resources
Standard
Victory
Conquest
Starting age
Dark Age
Ending age
Imperial Age
RankedLock teamsTeams togetherTeam positionsShared explorationLock speedFull tech treeHidden civsTurbo modeCheats
Victory
Defeat
🇺🇸 Romans · United States
946
+15
🇮🇹 Britons · Italy
931
-15
ARTYL 40
8:08 Loom
12:14 Feudal Age
12:41 Horse Collar
12:49 Double-Bit Axe
12:27 Man-at-Arms
21:52 Castle Age
20:46 Fletching
20:56 Padded Archer Armor
21:41 Forging
22:26 Long Swordsman
22:30 Crossbowman
25:14 Heavy Plow
26:02 Bow Saw
26:46 Squires
28:18 Wheelbarrow
28:24 Elite Skirmisher
30:40 Bodkin Arrow
31:21 Iron Casting
34:23 Imperial Age
32:47 Hand Cart
34:04 Leather Archer Armor
34:12 Ballistics
33:26 Pikeman
35:12 Arbalester
37:17 Chemistry
38:27 Two-Handed Swordsman
40:47 Bracer
42:05 Halberdier
46:58 Elite Longbowman
48:12 Town Watch
49:29 Blast Furnace
Concept of Law
10:20 Loom
12:05 Feudal Age
13:45 Double-Bit Axe
19:28 Castle Age
17:35 Fletching
17:48 Padded Archer Armor
18:19 Fletching
18:41 Horse Collar
18:52 Gold Mining
20:29 Bow Saw
20:21 Heavy Plow
20:12 Elite Skirmisher
20:48 Bodkin Arrow
22:27 Wheelbarrow
22:22 Town Watch
23:04 Leather Archer Armor
24:09 Stone Mining
27:51 Hand Cart
28:42 Ballistics
31:53 Imperial Age
30:43 Forging
31:18 Gold Shaft Mining
31:40 Scale Mail Armor
33:47 Chemistry
33:23 Ring Archer Armor
33:37 Crop Rotation
35:02 Heavy Scorpion
36:59 Ballistas
37:45 Siege Engineers
39:28 Chain Mail Armor
39:25 Elite Centurion
40:13 Scale Barding Armor
41:19 Masonry
40:34 Man-at-Arms
43:28 Chain Barding Armor
43:43 Iron Casting
44:47 Plate Barding Armor
46:33 Architecture
46:00 Murder Holes
47:14 Blast Furnace
45:55 Long Swordsman
46:41 Capped Ram
46:51 Legionary
51:40 Siege Ram
57:30 Legionary
Connection lost

Rejoining the realm…

Still unreachable

The connection could not be restored.

Session expired

The server has moved on; the page needs a fresh start.